Map: Orbital Shipyard

Players

speaknow (ByuN) - Winner!

  • Race: Terran Terran
  • League: Platinum

AcerNerchio (Nerchio)

  • Race: Zerg Zerg

Event: Gauntlet LotV Series 1 Qualifier 1

VOD

Have the link to the VOD?

Description

Time

  • Played on: Nov. 22, 2015, 6:50 p.m.
  • Length: 4:05

All games in this series

Show
View Real Time Build Order
Export as new Build Order

speaknow Terran - Winner!

Build Orders:  

Get SALT Encoding   

  12  0:00  SCV  
  13  0:13  SCV  
  14  0:17  Supply Depot  
  14  0:25  SCV  
  15  0:39  SCV  
  15  0:40  Barracks  
  16  0:44  Refinery  
  16  0:51  SCV  
  17  0:59  Barracks  
  17  1:03  SCV  
  18  1:15  SCV  
  19  1:19  Barracks  
  19  1:26  Refinery  
  19  1:30  Reaper  
  20  1:33  SCV  
  21  1:46  Supply Depot, Reaper  
  22  1:51  SCV  
  23  2:08  Reaper x2  
  25  2:10  Orbital Command  
  25  2:19  Supply Depot  
  25  2:22  Reaper  
  26  2:39  SCV  
  26  2:40  Reaper  
  26  2:44  Reaper  
  29  2:51  SCV  
  30  2:54  Reaper  
  31  3:00  Supply Depot  
  31  3:03  SCV  
  32  3:12  Reaper  
  33  3:16  Reaper  
  33  3:18  SCV  
  35  3:26  Reaper  
  36  3:32  SCV  
  37  3:34  Command Center  
  37  3:44  SCV  
Show
View Real Time Build Order
Export as new Build Order

AcerNerchio Zerg 

Build Orders: Hatch First 

Get SALT Encoding   

  12  0:01  Drone  
  13  0:12  Overlord  
  13  0:17  Drone  
  14  0:31  Drone x2  
  14  0:35  Drone  
  17  0:52  Hatchery  
  17  0:55  Drone  
  17  0:59  Drone  
  18  1:13  Spawning Pool  
  18  1:15  Drone  
  18  1:19  Drone  
  18  1:23  Extractor  
  18  1:28  Drone  
  19  1:39  Overlord  
  19  1:51  Drone  
  20  2:00  Queen  
  23  2:01  Zergling x2  
  23  2:04  Zergling x2, Queen  
  26  2:16  Zergling x4  
  26  2:22  Drone  
  29  2:29  Drone  
  29  2:34  Drone  
  29  2:36  Drone  
  31  2:37  Lair  
  31  2:44  Drone  
  31  2:46  Extractor  
  31  2:48  Queen  
  32  2:52  Overlord  
  32  2:55  Drone  
  33  3:02  Drone  
  30  3:13  Zergling x8  
  30  3:14  Roach Warren  
  30  3:19  Zergling x4  
  35  3:20  Zergling x2  
Tags
 
Add a new tag
Caveats
  • Supply blocks, unpowered buildings, or Contaminate may cause inaccurate times.
  • Supply counts are checked every 10 seconds.